Map: King's Cove LE

Players

InZaNe

  • Race: Terran Terran
  • Spawn Location: 11:00

ShaDoWn - Winner!

  • Race: Protoss Protoss
  • Spawn Location: 5:00

Event: 2019 WCS Spring

VOD

Have the link to the VOD?

Description

Time

  • Played on: May 17, 2019, 12:43 p.m.
  • Length: 10:43

All games in this series

Show
View Real Time Build Order
Export as new Build Order

InZaNe Terran 

Build Orders: Reaper Expand 

Get SALT Encoding   

  12  0:00  SCV  
  13  0:13  SCV  
  14  0:18  Supply Depot  
  14  0:25  SCV  
  15  0:39  SCV  
  15  0:41  Barracks  
  16  0:45  Refinery  
  16  0:51  SCV  
  17  1:04  SCV  
  18  1:16  SCV  
  19  1:28  Reaper, Orbital Command  
  20  1:42  Command Center  
  20  1:54  SCV  
  20  1:56  Supply Depot  
  20  2:00  Marine  
  22  2:08  SCV  
  23  2:10  Factory  
  23  2:15  Refinery  
  23  2:20  SCV  
  23  2:22  Barracks Reactor  
  24  2:32  SCV  
  25  2:44  SCV  
  26  2:53  Barracks  
  26  2:54  Factory Tech Lab  
  26  2:55  Starport  
  26  2:56  SCV  
  26  2:58  Orbital Command  
  27  3:03  Marine x2  
  29  3:14  Cyclone  
  29  3:16  SCV  
  33  3:24  SCV  
  33  3:26  Marine  
  35  3:27  Marine  
  35  3:28  SCV  
  36  3:34  Refinery  
  36  3:37  SCV  
  36  3:40  SCV, Supply Depot  
  38  3:42  Barracks Tech Lab  
  38  3:49  SCV  
  38  3:52  SCV  
  40  3:59  Marine x2  
  40  4:01  SCV  
  40  4:02  Stimpack, Marine  
  44  4:04  SCV  
  44  4:08  Raven  
  44  4:09  Barracks  
  47  4:13  SCV  
  47  4:16  Supply Depot  
  48  4:19  Bunker  
  48  4:20  SCV  
  49  4:25  Marauder, Marine  
  49  4:27  Marine  
  49  4:29  Factory Reactor  
  49  4:31  SCV  
  54  4:37  SCV, Engineering Bay  
  55  4:41  Supply Depot  
  55  4:44  SCV  
  56  4:49  SCV  
  56  4:50  Marine x3  
  60  4:56  SCV, Supply Depot  
  61  5:00  Starport Reactor  
  61  5:01  SCV  
  61  5:05  Combat Shield  
  61  5:06  Marauder  
  64  5:09  Terran Infantry Weapons Level 1  
  64  5:11  Supply Depot  
  64  5:15  Marauder  
  64  5:16  Widow Mine  
  68  5:22  Marine x2  
  68  5:23  Widow Mine  
  68  5:26  Supply Depot  
  68  5:27  Refinery  
  72  5:29  Marauder  
  74  5:36  Marauder  
  74  5:37  Medivac  
  74  5:38  Medivac  
  74  5:40  Widow Mine  
  82  5:43  Marine x2  
  82  5:45  Widow Mine  
  86  5:53  Marauder  
  86  5:54  Supply Depot x2  
  87  6:01  Marauder  
  88  6:04  Marine x2  
  88  6:05  Widow Mine  
  88  6:07  SCV x2  
  94  6:15  Medivac x2, Widow Mine  
  100  6:21  Marauder  
  102  6:26  Marine x2  
  102  6:27  Marauder  
  102  6:29  Concussive Shells  
  104  6:34  Command Center  
  103  6:42  Marauder  
  103  6:44  Widow Mine, Command Center, Supply Depot  
  107  6:52  Marine x2, Widow Mine  
  107  6:54  Liberator x2  
  111  7:01  Marauder  
  113  7:03  Marine  
  111  7:10  Marine  
  118  7:19  Barracks  
  116  7:24  Marauder x2, Marine  
  116  7:26  Widow Mine  
  116  7:28  Marine  
  115  7:37  SCV, Widow Mine  
  115  7:40  Terran Infantry Armor Level 1  
  113  7:45  Marauder, Marine  
  113  7:47  Widow Mine  
  113  7:50  SCV x2  
  120  7:51  Barracks  
  120  7:58  Orbital Command  
  109  8:08  Marauder x2  
  109  8:09  Marine x2  
  106  8:16  SCV x2  
  106  8:19  Orbital Command  
  101  8:20  Liberator x2  
  101  8:21  Widow Mine  
  101  8:23  Widow Mine  
  97  8:27  Marine  
  97  8:28  SCV x2  
  94  8:37  Marine  
  94  8:38  Marine  
  94  8:40  SCV x2, Marine x3  
  94  8:52  SCV  
  94  8:55  Marine  
  93  8:57  Widow Mine x2  
  93  8:58  SCV x2  
  100  9:05  Marine x2  
  100  9:06  Marine x3  
  105  9:14  Marine  
  102  9:25  Marauder x2  
  102  9:26  Marine  
  102  9:30  Marine x2  
  103  9:32  Marine  
  103  9:35  Liberator  
  100  9:44  Marine  
  96  9:46  Marauder, Marine  
  96  9:47  Marine  
  96  9:48  Marine  
  96  9:50  Marine  
  99  9:53  Widow Mine  
  99  9:54  Widow Mine  
  100  10:02  Marine  
  100  10:04  Marauder  
  100  10:05  Marine x2  
  100  10:07  Marauder, Marine  
  96  10:20  Marine  
  92  10:23  Marine x2  
  92  10:25  Marine  
Show
View Real Time Build Order
Export as new Build Order

ShaDoWn Protoss - Winner!

Build Orders: 1 Gate Expand, Double Forge, Blink Stalkers 

Get SALT Encoding   

  12  0:00  Probe  
  13  0:13  Probe  
  14  0:18  Pylon  
  14  0:24  Probe  
  15  0:32  Probe  
  15  0:37  Gateway  
  15  0:40  Probe  
  16  0:47  Assimilator  
  17  0:51  Probe  
  18  1:03  Probe  
  19  1:15  Probe  
  20  1:24  Nexus  
  20  1:34  Cybernetics Core  
  20  1:37  Probe  
  21  1:42  Assimilator  
  21  1:49  Probe  
  21  1:52  Pylon  
  22  2:00  Stalker  
  22  2:01  Probe  
  23  2:12  Warp Gate  
  23  2:13  Probe  
  26  2:25  Probe  
  26  2:29  Twilight Council  
  27  2:33  Probe  
  27  2:34  Stalker  
  30  2:39  Probe  
  30  2:41  Probe  
  31  2:49  Probe  
  31  2:50  Probe  
  32  2:57  Probe  
  34  3:03  Probe  
  34  3:05  Blink  
  36  3:06  Probe  
  37  3:15  Probe  
  37  3:18  Probe  
  39  3:27  Probe, Robotics Facility  
  40  3:30  Probe  
  41  3:38  Pylon  
  41  3:39  Probe, Gateway  
  42  3:42  Probe  
  42  3:47  Probe  
  43  3:50  Gateway  
  43  3:51  Pylon  
  43  3:52  Assimilator  
  43  3:54  Probe  
  43  3:55  Probe  
  45  4:00  Stalker  
  48  4:05  Probe  
  48  4:06  Probe  
  48  4:07  Observer  
  51  4:18  Probe  
  51  4:22  Nexus  
  51  4:23  Stalker  
  54  4:32  Observer, Pylon  
  54  4:35  Stalker  
  54  4:36  Probe  
  58  4:39  Pylon  
  58  4:52  Stalker, Forge  
  60  4:53  Observer, Forge  
  60  4:54  Probe  
  60  4:57  Stalker  
  64  5:02  Probe  
  65  5:08  Pylon  
  65  5:11  Charge  
  65  5:12  Warp Prism  
  65  5:20  Protoss Ground Armor Level 1, Protoss Ground Weapons Level 1, Probe  
  67  5:28  Gateway  
  67  5:29  Gateway  
  67  5:38  Gateway x2  
  67  5:40  Sentry  
  67  5:41  Probe  
  70  5:45  Gateway  
  70  5:48  Probe x2  
  72  5:52  Immortal  
  72  5:53  Probe  
  76  6:07  Probe x2  
  76  6:09  Probe, Pylon  
  79  6:18  Zealot x2  
  81  6:27  Immortal  
  81  6:29  Zealot x2  
  81  6:30  Zealot, Pylon  
  91  6:32  Shield Battery  
  91  6:44  Sentry  
  91  6:45  Stalker x2, Sentry  
  99  6:48  Assimilator, Probe  
  99  6:52  Probe  
  100  6:58  Stalker x3  
  100  7:00  Probe x2  
  108  7:04  Probe  
  108  7:05  Assimilator  
  109  7:11  Pylon  
  109  7:12  Shield Battery x2  
  109  7:13  Zealot x4  
  117  7:17  Protoss Ground Armor Level 2  
  117  7:19  Pylon  
  117  7:26  Stalker  
  117  7:29  Probe x2  
  119  7:36  Stalker, Zealot x4  
  122  7:41  Probe  
  124  7:44  Probe  
  124  7:48  Robotics Bay  
  124  7:49  Assimilator  
  123  7:55  Observer  
  124  7:58  Zealot  
  124  7:59  Zealot x3  
  118  8:06  Zealot x4  
  114  8:16  Immortal  
  110  8:34  Zealot x4, Sentry  
  110  8:35  Zealot x2  
  122  8:47  Robotics Facility  
  122  8:48  Nexus  
  118  8:51  Pylon  
  118  8:55  Colossus  
  122  9:09  Zealot x4, Photon Cannon  
  130  9:13  Photon Cannon  
  130  9:18  Stalker x3  
  132  9:28  Sentry  
  132  9:34  Zealot x4  
  138  9:44  Colossus  
  140  9:49  Pylon  
  140  9:51  Zealot, Pylon  
  136  9:53  Stalker x2  
  140  10:07  Zealot x6  
  152  10:18  Templar Archives  
  152  10:19  Probe  
  152  10:20  Probe  
  152  10:22  Stalker x2  
Tags
 
Add a new tag
Caveats
  • Supply blocks, unpowered buildings, or Contaminate may cause inaccurate times.
  • Supply counts are checked every 10 seconds.